AoeStats
← bator_ez copy ninja

Arabia

503737745Analyzed
1v1 RM · 8d ago on Sep 2, 2026· 50m 27s· 2 players
Game mode
Random Map
Map size
Tiny (2 player)
Population
200
Speed
Normal
Resources
Standard
Victory
Conquest
Starting age
Dark Age
Ending age
Imperial Age
RankedLock teamsTeams togetherTeam positionsShared explorationLock speedFull tech treeHidden civsTurbo modeCheats
Victory
Defeat
🇫🇷 Ethiopians · France
690
+17
🇦🇷 Vietnamese · Argentina
719
-17
bator_ez copy ninja
10:43 Feudal Age
8:59 Loom
11:33 Double-Bit Axe
13:54 Wheelbarrow
14:32 Stone Mining
14:37 Gold Mining
16:02 Padded Archer Armor
19:46 Fletching
19:58 Scale Mail Armor
21:02 Horse Collar
22:37 Man-at-Arms
23:03 Arson
24:09 Forging
28:22 Castle Age
29:56 Bow Saw
29:48 Heavy Plow
30:27 Gold Shaft Mining
30:48 Stone Mining
31:04 Bodkin Arrow
31:22 Squires
32:04 Hand Cart
31:24 Long Swordsman
31:37 Crossbowman
32:23 Thumb Ring
43:13 Imperial Age
41:05 Leather Archer Armor
41:05 Chain Mail Armor
41:27 Iron Casting
43:29 Arbalester
43:37 Two-Handed Swordsman
44:26 Bracer
44:57 Ring Archer Armor
44:57 Plate Mail Armor
45:28 Blast Furnace
Goymallen Triple Blanco
0:38 Loom
11:03 Feudal Age
12:08 Double-Bit Axe
12:15 Horse Collar
17:42 Forging
17:34 Scale Mail Armor
19:29 Wheelbarrow
19:27 Fletching
20:19 Gold Mining
21:30 Arson
25:57 Castle Age
26:45 Squires
26:54 Thumb Ring
27:19 Bow Saw
27:15 Bodkin Arrow
29:57 Hand Cart
30:43 Elite Skirmisher
31:42 Crossbowman
39:12 Padded Archer Armor
40:22 Stone Mining
44:58 Heavy Plow
46:13 Leather Archer Armor
45:44 Man-at-Arms
49:08 Long Swordsman
Connection lost

Rejoining the realm…

Still unreachable

The connection could not be restored.

Session expired

The server has moved on; the page needs a fresh start.